Map: Dusk Towers

Players

Nerchio - Winner!

  • Race: Zerg Zerg
  • League: Grandmaster

Protosser

  • Race: Zerg Zerg
  • League: Grandmaster

Event: DreamHack ZOWIE Open Leipzig

VOD

Have the link to the VOD?

Description

Time

  • Played on: Jan. 22, 2016, 7:29 a.m.
  • Length: 9:14

All games in this series

Show
View Real Time Build Order
Export as new Build Order

Nerchio Zerg - Winner!

Build Orders: Hatch First 

Get SALT Encoding   

  12  0:01  Drone  
  13  0:12  Overlord  
  13  0:17  Drone  
  14  0:30  Drone x2  
  14  0:34  Drone  
  17  0:52  Hatchery  
  17  0:55  Drone  
  17  0:58  Drone  
  17  1:01  Extractor  
  17  1:15  Spawning Pool  
  17  1:18  Drone  
  17  1:21  Drone  
  18  1:28  Drone  
  19  1:38  Overlord  
  19  1:58  Drone  
  20  2:01  Queen  
  20  2:02  Metabolic Boost  
  20  2:03  Queen  
  20  2:06  Zergling x2  
  25  2:10  Zergling x2  
  26  2:22  Baneling Nest  
  25  2:23  Drone  
  25  2:24  Drone  
  25  2:26  Drone  
  28  2:30  Drone  
  28  2:33  Drone  
  28  2:36  Drone  
  31  2:43  Drone  
  32  2:47  Zergling x2  
  33  2:53  Overlord  
  33  3:00  Zergling x2  
  34  3:11  Drone  
  36  3:12  Drone  
  36  3:14  Hatchery, Drone  
  36  3:16  Drone  
  36  3:19  Drone  
  38  3:21  Baneling  
  38  3:22  Zergling x2  
  38  3:24  Zergling x2  
  40  3:27  Drone  
  40  3:30  Zergling x2  
  40  3:33  Overlord  
  42  3:39  Drone  
  42  3:40  Drone  
  43  3:42  Overlord  
  43  3:45  Baneling x2  
  43  3:50  Drone  
  43  3:51  Overlord  
  43  3:53  Drone x2  
  46  3:56  Drone  
  46  3:57  Drone  
  46  3:59  Drone  
  47  4:05  Extractor  
  47  4:06  Zergling x2  
  47  4:07  Evolution Chamber, Zergling x2  
  47  4:14  Drone x3  
  50  4:19  Roach Warren  
  50  4:21  Queen  
  51  4:28  Drone x3  
  51  4:29  Drone  
  51  4:30  Drone  
  55  4:34  Zerg Missile Weapons Level 1, Extractor  
  54  4:42  Drone  
  54  4:43  Roach Warren, Drone  
  55  4:46  Drone x2  
  55  4:49  Drone  
  58  4:53  Overlord  
  57  5:03  Drone x3  
  61  5:07  Drone  
  61  5:08  Lair  
  61  5:10  Roach x3  
  61  5:11  Roach  
  69  5:14  Zergling x2  
  69  5:17  Drone x2  
  69  5:20  Extractor  
  70  5:23  Roach x2  
  76  5:28  Roach  
  76  5:31  Overlord  
  76  5:32  Overlord  
  76  5:34  Drone x2  
  76  5:35  Drone  
  79  5:36  Drone  
  79  5:40  Drone, Overlord  
  79  5:42  Overlord  
  80  5:44  Drone  
  80  5:46  Drone  
  80  5:48  Drone  
  80  5:49  Drone x2  
  84  5:50  Drone  
  84  5:52  Drone  
  84  5:53  Drone  
  84  5:55  Drone  
  87  6:00  Ravager  
  87  6:01  Ravager x3  
  87  6:02  Roach x2  
  87  6:03  Roach  
  94  6:06  Extractor  
  94  6:07  Evolution Chamber, Roach  
  94  6:10  Glial Reconstitution  
  94  6:13  Overlord  
  94  6:15  Roach  
  94  6:18  Overseer  
  96  6:20  Roach x2  
  96  6:21  Extractor  
  96  6:23  Drone x4  
  103  6:28  Drone x2  
  105  6:33  Zerg Missile Weapons Level 2  
  105  6:34  Zerg Ground Armor Level 1  
  105  6:43  Roach  
  105  6:44  Hatchery, Roach  
  105  6:45  Roach  
  110  6:47  Roach  
  110  6:49  Overlord  
  110  6:51  Roach  
  110  6:53  Roach x2  
  118  6:56  Roach  
  118  6:57  Roach  
  118  7:00  Overlord  
  122  7:02  Overlord  
  122  7:03  Overlord  
  122  7:06  Overlord  
  122  7:09  Roach x2  
  122  7:11  Roach  
  122  7:15  Roach  
  130  7:16  Overlord  
  130  7:17  Overlord  
  130  7:21  Roach  
  130  7:22  Hydralisk Den  
  133  7:23  Roach  
  133  7:24  Roach  
  133  7:26  Roach  
  137  7:32  Roach x2  
  137  7:33  Roach  
  137  7:34  Roach  
  137  7:35  Roach  
  137  7:36  Roach  
  145  7:40  Ravager x3  
  145  7:41  Ravager, Roach  
  145  7:42  Roach  
  153  7:44  Roach  
  153  7:46  Overlord  
  153  7:48  Roach  
  153  7:50  Roach  
  159  7:52  Roach  
  159  7:54  Roach  
  159  7:55  Roach  
  159  7:57  Overlord  
  165  8:02  Roach  
  165  8:03  Roach x2  
  165  8:05  Roach  
  173  8:07  Roach  
  173  8:08  Roach  
  173  8:09  Roach  
  173  8:11  Roach  
  173  8:12  Ravager  
  182  8:15  Roach  
  182  8:16  Roach  
  182  8:17  Roach  
  182  8:19  Roach  
  190  8:21  Roach  
  190  8:24  Overlord  
  190  8:25  Overlord  
  192  8:27  Overlord  
  192  8:33  Overlord  
  192  8:44  Roach  
  192  8:45  Roach x2  
  196  8:49  Roach  
  196  8:50  Roach x3  
  196  8:54  Roach x5  
  196  8:55  Roach x2  
Show
View Real Time Build Order
Export as new Build Order

Protosser Zerg 

Build Orders: Hatch First 

Get SALT Encoding   

  12  0:00  Drone  
  13  0:14  Overlord  
  13  0:17  Drone  
  14  0:32  Drone x2  
  16  0:36  Drone  
  17  0:46  Drone  
  18  0:55  Hatchery  
  17  0:59  Drone  
  17  1:03  Extractor  
  17  1:08  Drone  
  18  1:16  Spawning Pool  
  17  1:19  Drone  
  18  1:30  Drone  
  19  1:42  Overlord  
  19  1:51  Drone  
  20  2:02  Queen  
  20  2:03  Metabolic Boost  
  20  2:04  Zergling x2  
  20  2:07  Drone, Queen  
  26  2:13  Drone  
  27  2:19  Drone  
  28  2:23  Baneling Nest  
  28  2:25  Drone  
  28  2:32  Drone  
  29  2:39  Zergling x2  
  29  2:43  Drone  
  31  2:47  Hatchery  
  30  2:52  Overlord  
  30  2:54  Zergling x2  
  31  3:00  Zergling x2  
  32  3:10  Baneling x2  
  32  3:11  Zergling x2  
  33  3:13  Zergling x4  
  33  3:16  Baneling x2  
  36  3:20  Drone x4  
  36  3:21  Drone  
  40  3:28  Drone x2  
  40  3:30  Drone  
  43  3:38  Drone  
  41  3:42  Drone x2  
  41  3:44  Overlord x2  
  41  3:48  Extractor  
  42  3:53  Overlord  
  42  4:01  Drone x2  
  42  4:02  Drone x3  
  45  4:06  Drone x2  
  47  4:10  Evolution Chamber  
  47  4:12  Drone  
  47  4:14  Queen  
  49  4:22  Drone x4  
  51  4:31  Zergling x6  
  51  4:32  Zergling x6  
  51  4:36  Zerg Missile Weapons Level 1  
  56  4:54  Lair, Roach Warren  
  56  4:58  Drone x9  
  62  5:08  Drone x3, Overlord  
  65  5:16  Overlord  
  65  5:18  Drone  
  65  5:19  Drone  
  65  5:20  Extractor  
  66  5:21  Extractor  
  66  5:23  Overlord x2  
  66  5:26  Overlord x2  
  65  5:29  Extractor  
  65  5:31  Drone x3  
  65  5:35  Extractor  
  66  5:39  Roach x5  
  66  5:40  Roach  
  77  5:45  Roach x2  
  76  5:57  Glial Reconstitution  
  76  5:59  Drone x2  
  77  6:05  Drone  
  77  6:06  Drone x3  
  81  6:16  Ravager x4  
  85  6:24  Drone x2  
  85  6:25  Drone x2  
  88  6:26  Drone x2  
  88  6:29  Drone x3  
  88  6:30  Roach x2  
  88  6:32  Overlord x2  
  97  6:42  Overlord x2  
  97  6:46  Hatchery, Zerg Missile Weapons Level 2  
  96  6:50  Evolution Chamber  
  96  6:53  Roach x6  
  107  6:54  Overseer  
  107  6:59  Roach  
  107  7:00  Roach x4  
  117  7:05  Drone  
  117  7:08  Roach x2  
  122  7:13  Roach  
  124  7:17  Roach  
  126  7:25  Hatchery  
  126  7:28  Roach x2  
  129  7:35  Overlord x2  
  129  7:40  Overlord x2  
  129  7:46  Overlord x2  
  129  7:48  Overlord x2  
  129  7:51  Overlord x4  
  129  7:55  Roach x2  
  129  7:56  Ravager x4  
  129  7:57  Roach  
  140  7:58  Ravager  
  140  8:10  Roach x9  
  140  8:11  Roach x2  
  162  8:15  Hydralisk Den  
  162  8:16  Roach x2  
  165  8:21  Pneumatized Carapace  
  165  8:25  Roach x2  
  169  8:28  Roach  
  169  8:32  Extractor  
  169  8:33  Extractor  
  169  8:37  Roach x2  
  169  8:39  Roach  
  165  8:50  Roach x8  

Tags
 
Add a new tag
Caveats
  • Supply blocks, unpowered buildings, or Contaminate may cause inaccurate times.
  • Supply counts are checked every 10 seconds.